 Dungeon Crawl Stone Soup version 0.23.2 (webtiles) character file.

Game seed: 9862893025263119117

39 night the Digger (level 3, 0/19 HPs)
             Began as a Gargoyle Earth Elementalist on Apr 3, 2019.
             Slain by a worm (7 damage)
             ... on level 2 of the Dungeon.
             The game lasted 00:04:26 (1560 turns).

night the Digger (Gargoyle Earth Elementalist)      Turns: 1560, Time: 00:04:26

Health: 0/19       AC:  5    Str: 11    XL:     3   Next: 45%
Magic:  1/7        EV: 12    Int: 16    God:
Gold:   15         SH:  0    Dex: 10    Spells: 3/7 levels left

rFire    . . .     SeeInvis .   f - +0 whip
rCold    . . .     Gourm    .   (no shield)
rNeg     + . .     Faith    .   c - +0 robe
rPois    ∞         Spirit   .   (no helmet)
rElec    +         Reflect  .   (no cloak)
rCorr    .         Harm     .   (no gloves)
MR       .....                  (no boots)
Stlth    ++........             (no amulet)
HPRegen  0.06/turn              (no ring)
MPRegen  0.10/turn              (no ring)

@: very slightly contaminated
A: negative energy resistance 1, electricity resistance, unbreathing,
petrification resistance, rot immunity, AC +3
a: no special abilities


You were on level 2 of the Dungeon.
You were not hungry.

You visited 1 branch of the dungeon, and saw 2 of its levels.

You collected 15 gold pieces.

Inventory:

Hand Weapons
 f - a +0 whip (weapon)
 h - a +0 dagger
Armour
 c - a +0 robe (worn)
Scrolls
 a - a scroll of enchant weapon {unknown}
 e - 2 scrolls of identify {unknown}
 i - a scroll of remove curse {unknown}
Potions
 g - a potion of haste {unknown}
Comestibles
 d - 4 rations


   Skills:
 - Level 1.5 Dodging
 - Level 2.1 Stealth
 + Level 2.8 Spellcasting
 + Level 0.5 Conjurations
   Level 0.7 Transmutations
 + Level 4.5 Earth Magic


You had 3 spell levels left.
You knew the following spells:

 Your Spells              Type           Power        Failure   Level  Hunger
a - Sandblast             Erth           ###...       3%          1    #......
b - Stone Arrow           Conj/Erth      ##....       21%         3    ###....

Your spell library contained the following spells:

 Spells                   Type           Power        Failure   Level  Hunger
 Passwall                 Tmut/Erth      ##......     10%         2    ##.....
 Petrify                  Tmut/Erth      ##......     54%         4    #####..
 Lee's Rapid Deconstruct  Erth           ###.......   63%         5    ######.


Dungeon Overview and Level Annotations

Branches:
Dungeon (2/15)

Altars:


Innate Abilities, Weirdness & Mutations

You are resistant to torment.
Your stone body is resilient. (AC +3)
You are immune to poison.
You resist negative energy. (rN+)
You are resistant to electric shocks. (rElec)
You can survive without breathing.
You are immune to petrification.
You are immune to rotting.


Message History

You climb downwards.
The worm bites you!
There is a stone staircase leading up here.
Casting: Stone Arrow (safe; 21% risk of failure)
Confirm with . or Enter, or press ? or * to list all spells.
Aiming: Stone Arrow (safe; 21% risk of failure)
Press: ? - help, Shift-Dir - straight line, f - worm
Aim: a worm The stone arrow hits the worm!
The worm is severely wounded.
The worm bites you.
Casting: Stone Arrow (safe; 21% risk of failure)
Confirm with . or Enter, or press ? or * to list all spells.
Aiming: Stone Arrow (safe; 21% risk of failure)
Press: ? - help, Shift-Dir - straight line, f/p - worm
Aim: a worm (heavily wounded)
You miscast Stone Arrow.
You are very lightly contaminated with residual magic.
The air around you crackles with energy!
The worm bites you!
You die...

##.#.#.#
#......#
####..#.#.#
#...?.....#
#.# #
###.##.#
#......#
#.#.####
#.#@#
#...w.#
......###
######


You could see a worm.

Vanquished Creatures
  An ooze (D:1)
  2 leopard geckos (D:1)
  5 bats
  3 giant cockroaches
  4 goblins (D:1)
  3 hobgoblins (D:1)
  6 kobolds (D:1)
  A quokka (D:2)
  3 frilled lizards
  4 rats (D:1)
32 creatures vanquished.

Notes
Turn   | Place    | Note
-------+----------+-------------------------------------------
     0 | D:1      | night the Gargoyle Earth Elementalist began the quest for
                  | the Orb.
     0 | D:1      | Reached XP level 1. HP: 10/10 MP: 3/3
   295 | D:1      | You fall through a shaft!
   297 | D:2      | Reached skill level 4 in Earth Magic
   297 | D:2      | Reached XP level 2. HP: 15/15 MP: 3/5
   816 | D:1      | Reached XP level 3. HP: 16/19 MP: 6/6
   856 | D:1      | Learned a level 3 spell: Stone Arrow
  1560 | D:2      | Slain by a worm

Skill      XL: |  1 |
---------------+----+-----
Earth Magic    | 4 |  4.5
Dodging        | |  1.5
Stealth        | |  2.1
Spellcasting   | |  2.8
Conjurations   | |  0.5
Transmutations | |  0.7

Action                   || total
-------------------------++-------
Melee: Unarmed           ||     6
       Dagger            ||    68
 Cast: Sandblast         ||    33
       Stone Arrow       ||     4
 Stab: Sleeping          ||     1
       Distracted        ||     1
  Eat: Chunk             ||     3
Armor: Robe              ||    33
Dodge: Dodged            ||    57
